 Dungeon Crawl Stone Soup version 0.26.1-2-gb8aa6d0cf2 (webtiles) character file.

Game seed: 12821021660106081853

68363 MyelinatedAxon the Severer (level 15, -13/77 HPs)
             Began as a Vine Stalker Gladiator on Mar 15, 2021.
             Was the Champion of Makhleb.
             Mangled by an orc warlord
             ... wielding a +0 long sword
              (34 damage)
             ... on level 1 of the Orcish Mines.
             The game lasted 00:33:15 (18531 turns).

MyelinatedAxon the Severer (VSGl)                  Turns: 18531, Time: 00:33:16

Health: -13/77     AC: 13    Str: 27    XL:     15   Next: 26%
Magic:  0/21       EV:  9    Int:  8    God:    Makhleb [******]
Gold:   1581       SH: 31    Dex: 20    Spells: 14/14 levels left

rFire    + . .     SeeInvis +   a - +5 broad axe (vorpal)
rCold    + . .     Faith    .   g - +18 shield of the Gong {rElec rN+ Will+ EV-5}
rNeg     + . .     Spirit   +   I - +1 chain mail "Lezamine" {Will++ Regen+ SInv Stlth-}
rPois    .         Reflect  .   v - -2 helmet of Terror {Str+5 Dex+3} (curse)
rElec    +         Harm     .   s - scarf {rC+ rF+}
rCorr    .         Rampage  .   h - +0 pair of gloves
Will     ++++.                  J - +0 pair of boots
Stlth    ..........             (no amulet)
HPRegen  1.42/turn              Q - +4 ring of evasion
MPRegen  0.17/turn              B - +4 ring of slaying

@: no status effects
A: fangs 3, regeneration 2, magic shield, antimagic bite, no potion heal 3
a: Renounce Religion, Minor Destruction, Lesser Servant of Makhleb, Major
Destruction, Greater Servant of Makhleb


You were on level 1 of the Orcish Mines.
You worshipped Makhleb.
Makhleb was exalted by your worship.
You visited 4 branches of the dungeon, and saw 20 of its levels.
You also visited: Volcano.

You collected 1765 gold pieces.
You spent 184 gold pieces at shops.

Inventory:

Hand Weapons
 a - a +5 vorpal broad axe (weapon)
 p - a +2 broad axe of flaming
Missiles
 d - 5 throwing nets (quivered)
Armour
 g - the +18 shield of the Gong (worn) {rElec rN+ Will+ EV-5}
   (You found it on level 10 of the Dungeon)

   It affects your evasion (-5).
   It insulates you from electricity.
   It protects you from negative energy.
   It affects your willpower, your defense against some magical effects.
 h - a +0 pair of gloves (worn)
 s - a scarf of resistance (worn)
 v - the cursed -2 helmet of Terror (worn) {Str+5 Dex+3}
   (You found it in a volcano)

   It affects your strength (+5).
   It affects your dexterity (+3).
   It has a curse placed upon it.
 I - the +1 chain mail "Lezamine" (worn) {Will++ Regen+ SInv Stlth-}
   (You found it on level 3 of the Lair of Beasts)

   It affects your willpower, your defense against some magical effects.
   It lets you see invisible.
   It increases your rate of regeneration.
   It makes you less stealthy.
 J - a +0 pair of boots (worn)
Jewellery
 i - an uncursed ring of see invisible
 o - an uncursed ring of ice
 B - a +4 ring of slaying (right hand)
 H - an uncursed ring of resist corrosion
 Q - a +4 ring of evasion (left hand)
Wands
 b - a wand of acid (6)
 m - a wand of paralysis (29)
 w - a wand of disintegration (27)
 N - a wand of flame (15)
 O - a wand of digging (5)
Scrolls
 j - 3 scrolls of magic mapping
 k - a scroll of fog
 n - 10 scrolls of teleportation
 q - a scroll of blinking
 u - 5 scrolls of remove curse
 P - a scroll of summoning
Potions
 e - 12 potions of curing
 l - 4 potions of flight
 z - a potion of resistance
 A - a potion of ambrosia
 D - 4 potions of haste
 L - a potion of invisibility
 M - a potion of might
Miscellaneous
 c - a lightning rod (4/4)


   Skills:
 + Level 7.8 Fighting
 * Level 16.2 Axes
 + Level 1.4(11.0) Maces & Flails
 + Level 2.3 Throwing
 + Level 6.7 Armour
 + Level 3.5 Dodging
 + Level 2.2 Stealth
 * Level 9.5 Shields
 * Level 7.5 Invocations
 * Level 7.8 Evocations


You had 14 spell levels left.
You didn't know any spells.
Your spell library contained the following spells:

 Spells                   Type           Power        Failure   Level
 Animate Skeleton         Necr           0%           99%         1
 Sublimation of Blood     Necr           0%           100%        2
 Confusing Touch          Hex            0%           100%        3
 Frozen Ramparts          Ice            0%           100%        3
 Gell's Gravitas          Tloc           0%           100%        3
 Petrify                  Tmut/Erth      0%           100%        4
 Excruciating Wounds      Necr           0%           100%        5
 Metabolic Englaciation   Hex/Ice        0%           100%        5
 Summon Demon             Summ           0%           100%        5
 Summon Forest            Summ/Tloc      0%           100%        5
 Summon Mana Viper        Hex/Summ       0%           100%        5
 Yara's Violent Unravell  Hex/Tmut       0%           100%        5
 Shadow Creatures         Summ           N/A          100%        6
 Summon Hydra             Summ           0%           100%        7


Dungeon Overview and Level Annotations

Branches:
Dungeon (11/15)            Temple (1/1) D:6            Lair (6/6) D:10
  Swamp (0/4) Lair:2        Snake (0/4) Lair:4        Slime (0/5) Lair:6
    Orc (2/2) D:11        Volcano (visited)
    Elf: Orc:2

Altars:
Ashenzari
Cheibriados
Dithmenos
Elyvilon
Fedhas
Gozag
Hepliaklqana
Kikubaaqudgha
Makhleb
Nemelex Xobeh
Okawaru
Qazlal
Ru
Sif Muna
Trog
Uskayaw
Vehumet
Wu Jian
Xom
Yredelemnul
Zin
The Shining One
Beogh

Shops:
D:4 [!

Portals:
Abyss: Lair:1

Annotations:
D:3 1 transporter
Lair:1 2 transporters, Apsog's ghost, journeyman OpFi
Lair:2 exclusion: oklob plant


Innate Abilities, Weirdness & Mutations

You have razor-sharp teeth.
You heal very quickly.
When hurt, damage is shared between your health and your magic reserves.
Your bite disrupts and absorbs the magic of your enemies.
Potions cannot restore your health.


Message History

You slash the orc warlord!
You bite the orc warlord, but do no damage.
The orc warlord is severely wounded.
The orc warlord hits you with a +0 long sword!
The orc warlord blocks your attack.
The orc warlord is severely wounded.
You completely miss the orc warlord. The orc warlord blocks your attack.
The orc warlord is severely wounded.
The orc warlord hits you with a +0 long sword!
The orc warlord blocks your attack.
You bite the orc warlord. You drain its power.
You feel invigorated.
The orc warlord is almost dead.
The orc warlord hits you with a +0 long sword!!!
* * * LOW HITPOINT WARNING * * *
You are too injured to fight recklessly!
You are too injured to fight recklessly!
You barely miss the orc warlord. The orc warlord blocks your attack.
The orc warlord is almost dead.
The orc warlord hits you with a +0 long sword!!!
You die...

#.............####..##
##............###.....#
##....................##
##.#................####
#.................###
#...#.............###
##................#..##
#...............##....##
##.#.....[@o.....##..#.##
##........)....##.#....#
#.....................##
##..............#.#.###
#...##...........####
##..##.#.........##
#.......#.........#####
##.....##)....##.#.##.##
#.....#.[#....###......#


You could see an orc warlord (strong).

Vanquished Creatures
  An orc warlord (D:11)
  Erolcha (D:10)
  Josephine (D:10)
  2 fire dragons
  Harold (D:7)
  8 hydras
  A boulder beetle (D:10)
  Fannar (Lair:3)
  5 death yaks (Lair:5)
  Urug (D:10)
  2 lindwurms
  An orc knight (D:11)
  An orc sorcerer (Orc:2)
  An oklob plant (Lair:6)
  A cyclops (D:11)
  4 molten gargoyles
  5 black mambas
  23 elephants
  15 cane toads
  A gargoyle (D:11)
  6 rime drakes
  17 komodo dragons
  3 trolls
  9 polar bears
  19 blink frogs
  7 dream sheep (Lair:6)
  4 water elementals (D:11)
  7 fire bats (Volcano)
  3 wraiths (D:10)
  4 wyverns
  28 yaks
  5 basilisks
  4 steam dragons
  Menkaure (D:6)
  3 wargs
  4 nagas (Lair:4)
  22 water moccasins
  5 hell hounds
  22 orc warriors
  4 ice beasts
  2 sky beasts
  3 black bears
  A swamp drake (Lair:2)
  A hornet zombie (D:6)
  9 ogres
  12 wolves
  A centaur (D:8)
  A big kobold (D:7)
  21 bullfrogs
  5 scorpions
  A water moccasin skeleton (D:7)
  25 killer bees
  14 wights
  2 electric eels (Lair:1)
  A howler monkey (D:6)
  14 lava snakes
  A quasit (D:6)
  11 orc priests
  4 hounds
  A bullfrog skeleton (D:5)
  2 gnoll shamans
  A jelly (D:7)
  26 orc wizards
  6 iguanas
  7 hell rats (Lair:1)
  9 worker ants
  A hound skeleton (D:10)
  A worker ant zombie (D:11)
  19 gnolls
  11 adders
  A shadow imp (D:8)
  3 white imps
  5 ufetubi
  3 oozes
  An adder zombie (D:8)
  An adder skeleton (D:6)
  2 worms
  3 dart slugs (D:1)
  5 leopard geckos
  103 orcs
  6 giant cockroaches
  13 goblins
  10 hobgoblins
  11 jackals
  14 kobolds
  3 quokkas
  2 ball pythons (D:3)
  5 bats
  7 frilled lizards
  A jackal skeleton (D:6)
  11 rats
676 creatures vanquished.

Vanquished Creatures (others)
  5 dream sheep (Lair:6)
  A steam dragon (Lair:6)
  25 fungi
  35 plants
66 creatures vanquished.

Grand Total: 742 creatures vanquished

Notes
Turn   | Place    | Note
-------+----------+-------------------------------------------
     0 | D:1      | MyelinatedAxon the Vine Stalker Gladiator began the quest
                  | for the Orb.
     0 | D:1      | Reached XP level 1. HP: 11/11 MP: 2/2
    32 | D:1      | Reached skill level 3 in Axes
    33 | D:1      | Reached XP level 2. HP: 12/15 MP: 3/3
   429 | D:1      | Reached XP level 3. HP: 18/18 MP: 4/4
  1059 | D:2      | Gained mutation: Your natural rate of healing is unusually
                  | fast. [Vine Stalker growth]
  1059 | D:2      | Reached XP level 4. HP: 16/23 MP: 5/5
  1205 | D:2      | Reached skill level 4 in Axes
  1260 | D:2      | Found a sacrificial altar of Ru.
  1414 | D:2      | Found a radiant altar of Vehumet.
  1756 | D:3      | Found a faded altar of an unknown god.
  1763 | D:3      | Reached skill level 1 in Armour
  1763 | D:3      | Reached XP level 5. HP: 24/26 MP: 6/6
  1791 | D:3      | Reached skill level 1 in Stealth
  1935 | D:3      | Reached skill level 5 in Axes
  1935 | D:3      | Reached XP level 6. HP: 29/30 MP: 7/7
  2131 | D:3      | Found a sparkling altar of Nemelex Xobeh.
  2131 | D:3      | Found a transporter.
  2684 | D:4      | Found a basalt altar of Yredelemnul.
  2691 | D:4      | Found a hazy altar of Hepliaklqana.
  2946 | D:4      | Found Tafurozu's Antique Armour Emporium.
  3205 | D:4      | Reached XP level 7. HP: 15/36 MP: 5/8
  3258 | D:4      | Found Nuxofyqo's Distillery.
  3352 | D:4      | Found a shadowy altar of Dithmenos.
  3418 | D:4      | Bought a glowing scarf for 184 gold pieces
  3466 | D:5      | Entered Level 5 of the Dungeon
  3642 | D:5      | Found a stormy altar of Qazlal.
  3648 | D:5      | Reached skill level 6 in Axes
  4115 | D:5      | Reached skill level 7 in Axes
  4115 | D:5      | Gained mutation: You have razor-sharp teeth. [Vine Stalker
                  | growth]
  4115 | D:5      | Reached XP level 8. HP: 21/40 MP: 6/9
  4705 | D:6      | HP: 3/61 [poisoned by a wight]
  4711 | D:5      | HP: 2/42 [poisoned by a wight]
  4823 | D:5      | Reached skill level 8 in Axes
  4964 | D:6      | Found a staircase to the Ecumenical Temple.
  4973 | Temple   | Entered the Ecumenical Temple
  5038 | D:6      | Reached XP level 9. HP: 40/45 MP: 8/10
  5063 | D:6      | Noticed Menkaure
  5075 | D:6      | Killed Menkaure
  5076 | D:6      | Reached skill level 9 in Axes
  5357 | D:6      | Found a basalt altar of Yredelemnul.
  5653 | D:7      | Reached skill level 1 in Evocations
  5774 | D:7      | Noticed Harold
  5783 | D:7      | Killed Harold
  6152 | D:7      | Found a burning altar of Makhleb.
  6304 | D:7      | Became a worshipper of Makhleb the Destroyer
  6607 | D:8      | Reached skill level 10 in Axes
  6614 | D:7      | Reached XP level 10. HP: 6/51 MP: 2/11
  6708 | D:8      | Reached skill level 1 in Invocations
  6787 | D:8      | Found a broken altar of Ashenzari.
  6787 | D:8      | Found a bloodstained altar of Trog.
  6788 | D:8      | Found an iron altar of Okawaru.
  6917 | D:8      | Found an ancient bone altar of Kikubaaqudgha.
  7182 | D:8      | Reached * piety under Makhleb
  7769 | D:9      | Reached skill level 5 in Fighting
  7776 | D:9      | Reached ** piety under Makhleb
  8222 | D:10     | Entered Level 10 of the Dungeon
  8247 | D:10     | Reached skill level 11 in Axes
  8289 | D:10     | Found a staircase to the Lair.
  8301 | D:10     | Noticed Urug
  8310 | D:10     | Killed Urug
  8630 | D:10     | Reached *** piety under Makhleb
  8681 | D:10     | Reached XP level 11. HP: 56/56 MP: 13/13
  8704 | D:10     | Noticed Josephine
  8717 | D:10     | Killed Josephine
  8722 | D:10     | Reached skill level 5 in Armour
  8725 | D:10     | Reached skill level 12 in Axes
  8816 | D:10     | Noticed a boulder beetle
  8834 | D:10     | Killed a boulder beetle
  8939 | D:10     | Noticed Erolcha
  8947 | D:10     | Killed Erolcha
  9114 | D:10     | Reached **** piety under Makhleb
  9226 | D:10     | Found the +18 shield of the Gong {rElec rN+ Will+ EV-5}
  9567 | D:11     | Reached skill level 1 in Shields
  9686 | D:11     | Found a staircase to the Orcish Mines.
 10012 | D:11     | Noticed a cyclops
 10015 | D:11     | Noticed a four-headed hydra
 10018 | D:11     | Reached ***** piety under Makhleb
 10036 | D:11     | Killed a four-headed hydra
 10037 | D:11     | Reached skill level 5 in Evocations
 10037 | D:11     | Gained mutation: You heal very quickly. [Vine Stalker
                  | growth]
 10037 | D:11     | Reached XP level 12. HP: 24/61 MP: 13/16
 10045 | D:11     | Reached skill level 13 in Axes
 10547 | D:11     | Found a roughly hewn altar of Beogh.
 10993 | Lair:1   | Entered Level 1 of the Lair of Beasts
 11116 | Lair:1   | Identified the +5 spear "Hooreta" {distort, Str+2}
 11117 | Lair:1   | Found a one-way gate to the infinite horrors of the Abyss.
 11120 | Lair:1   | Noticed Apsog's ghost (journeyman OpFi)
 11216 | Lair:1   | Found a transporter.
 11246 | Lair:1   | Found a transporter.
 11255 | Lair:1   | Noticed a rakshasa
 11363 | Lair:1   | Noticed a six-headed hydra
 11373 | Lair:1   | Killed a six-headed hydra
 11374 | Lair:1   | Reached skill level 5 in Invocations
 11541 | Lair:1   | You fall into a shaft and drop 1 floor!
 11613 | Lair:2   | Reached skill level 5 in Shields
 11623 | Lair:2   | Reached XP level 13. HP: 66/66 MP: 13/18
 11667 | Lair:2   | Reached skill level 14 in Axes
 12382 | Lair:2   | Found a staircase to the Swamp.
 12969 | Lair:3   | Got a twisted chain mail
 12988 | Lair:3   | Noticed Fannar
 13019 | Lair:2   | Identified the +1 chain mail "Lezamine" {Will++ Regen+ SInv
                  | Stlth-} (You found it on level 3 of the Lair of Beasts)
 13031 | Lair:3   | Killed Fannar
 14016 | Lair:4   | Found a dark tunnel.
 14077 | Volcano  | Entered a volcano
 14409 | Volcano  | Noticed a fire dragon
 14442 | Volcano  | Found a radiant altar of Vehumet.
 14498 | Volcano  | Killed a fire dragon
 14546 | Volcano  | Reached ****** piety under Makhleb
 14574 | Volcano  | Identified the cursed -2 helmet of Terror {Str+5 Dex+3}
                  | (You found it in a volcano)
 14755 | Lair:4   | Reached skill level 1 in Maces & Flails
 14949 | Lair:4   | Found a staircase to the Snake Pit.
 15557 | Lair:5   | Reached XP level 14. HP: 69/72 MP: 17/19
 15605 | Lair:5   | Reached skill level 15 in Axes
 15917 | Lair:5   | You fall into a shaft and drop 1 floor!
 15917 | Lair:6   | Entered Level 6 of the Lair of Beasts
 16644 | Lair:6   | Reached XP level 15. HP: 77/77 MP: 21/21
 16672 | Lair:6   | Found a large runed translucent door.
 16673 | Lair:6   | Found a large runed translucent door.
 16978 | Lair:6   | Found a staircase to the Slime Pits.
 16988 | Lair:6   | Reached skill level 16 in Axes
 17406 | Lair:6   | Found a shimmering altar of Xom.
 17604 | Lair:6   | Identified the Almanac of Congealing Darkness
 17816 | Orc:1    | Entered Level 1 of the Orcish Mines
 17825 | Orc:1    | Noticed an orc warlord
 18070 | D:11     | Killed an orc warlord
 18391 | Orc:2    | Entered Level 2 of the Orcish Mines
 18504 | Orc:2    | Noticed an orc warlord
 18531 | Orc:1    | Mangled by an orc warlord

Illustrated notes

Levels and vault maps discovered:
D:1:      dpeg_arrival_short_road, layout_rooms, minmay_misc_feat_square
D:2:      layout_basic, vehumet_crystals, nicolae_ru_the_path_less_chosen
D:3:      layout_loops_cross, chequers_ecumenical_altar_simple,
          grunt_nemelex_the_gamble
D:4:      layout_rooms, nicolae_dithmenos_through_a_glass_darkly, minitemple,
          serial_shops, nicolae_shop_statue_plus, shop, roderic_serpentine_path,
          grunt_ministairs_14
D:5:      layout_layer_cave, nicolae_qazlal_general_emergency
D:6:      layout_rooms, minmay_temple_entry_statues_pillars, basic_altar,
          kennysheep_minor_cross, uniq_menkaure
D:7:      layout_basic, bloody_makhleb, uniq_harold
D:8:      layout_basic, nicolae_overflow_quartered_altars
D:9:      layout_irregular_city, serial_glass, glass_columns_a, glass_columns_a
D:10:     layout_loops_corners, lair_entry_dummy, special_room
          [special_room_orc], hangedman_decor_peaks_small, uniq_josephine,
          uniq_urug, uniq_erolcha
D:11:     layout_layer_cave, minmay_orc_entry_temple_small,
          nicolae_underground_beach
Temple:   minmay_temple_bridge_abc
Lair:1:   layout_cave_pods, gammafunk_ghost_abyssal_escape, beast_lair_carwin_1,
          serial_bayou_shore_b, serial_bayou_shore_a
Lair:2:   layout_long_grid, minmay_swamp_entry_reptiles,
          minmay_lair_oklob_chamber
Lair:3:   layout_cave_pods, cheibrodos_lair_reptile_den, uniq_fannar
Lair:4:   layout_small_grid, minmay_snake_entry_guardpost_medium,
          nicolae_volcano_entry_lava_flow
Lair:5:   layout_big_grid, beast_lair_carwin_8, serial_bayou_shore_b,
          infiniplex_staircase_pool_2
Lair:6:   cheibrodos_lair_end_hotspot, layout_hall_layers,
          minmay_slime_entry_oklob_enclosed, kb_xom_exploding_sheep
Orc:1:    layout_caves, uniq_maurice
Orc:2:    st_orc_mages, layout_diamond_mine, david_defended_altar_orc

Skill      XL: |  1  2  3  4  5  6  7  8  9 10 11 12 13 14 15 |
---------------+----------------------------------------------+-----
Axes           | 3 4 5 7 8 10 11 12 13 14 15 16 | 16.2
Fighting       | 2 3 4 5 6 7 |  7.8
Armour         | 1 2 3 4 5 6 |  6.7
Stealth        | 1 2 |  2.2
Throwing       | 2 |  2.3
Evocations     | 2 3 5 6 7 |  7.8
Dodging        | 3 |  3.5
Invocations    | 2 4 5 6 7 |  7.5
Shields        | 2 5 7 9 |  9.5
Maces & Flails | 1 |  1.4

Action                   |  1- 3 |  4- 6 |  7- 9 | 10-12 | 13-15 || total
-------------------------+-------+-------+-------+-------+-------++-------
Melee: War axe           |    63 |   154 |   228 |   150 |       ||   595
       Bite              |    13 |    49 |    90 |   166 |   243 ||   561
       Broad axe         |       |       |       |   344 |   538 ||   882
       Whip              |       |       |       |    13 |     4 ||    17
       Eveningstar       |       |       |       |       |    11 ||    11
Throw: Throwing net      |       |       |     6 |     1 |     1 ||     8
Evoke: Wand              |       |       |     2 |     5 |     2 ||     9
  Use: Scroll            |     7 |     4 |     6 |     9 |     8 ||    34
       Potion            |       |       |     3 |     1 |     1 ||     5
 Stab: Sleeping          |       |     7 |       |       |       ||     7
       Held in net/web   |       |       |     2 |       |     1 ||     3
Armor: Leather armour    |    15 |    15 |       |       |       ||    30
       Chain mail        |       |    54 |   144 |   185 |   164 ||   547
Dodge: Dodged            |    42 |   105 |   162 |   112 |    90 ||   511
Block: Kite shield       |       |       |       |   291 |   872 ||  1163
